AoeStats
← Muckel4488

Nomad

509131856Analyzed
2v2 RM · 8d ago on Sep 25, 2026· 40m 19s· 4 players
Game mode
Random Map
Map size
176×176
Population
200
Speed
Normal
Resources
Standard
Victory
Conquest
Starting age
Dark Age
Ending age
Imperial Age
RankedLock teamsTeams togetherTeam positionsShared explorationLock speedFull tech treeHidden civsTurbo modeCheats
Victory
Defeat
🇵🇪 Celts · Peru
807
+13
🇧🇷 Chinese · Brazil
799
+14
🇭🇷 Franks · Croatia
770
-35
🇩🇪 Poles · Germany
725
-13
Muckel4488
15:39 Feudal Age
16:06 Double-Bit Axe
16:49 Fishing Lines
20:33 Wheelbarrow
19:44 Loom
19:44 Town Watch
23:19 Gold Mining
23:20 Stone Mining
25:59 Castle Age
23:58 Horse Collar
25:16 Bloodlines
25:24 Forging
25:20 Scale Barding Armor
26:56 Husbandry
26:18 Light Cavalry
27:50 Arson
28:53 Man-at-Arms
31:48 Iron Casting
31:14 Scale Mail Armor
31:35 Chain Barding Armor
33:06 Hand Cart
32:52 Town Patrol
33:04 Gillnets
nO
16:11 Feudal Age
20:04 Fishing Lines
24:19 Wheelbarrow
27:29 Castle Age
31:01 Husbandry
30:48 Pikeman
31:38 Squires
33:54 Scale Barding Armor
33:53 Scale Mail Armor
40:12 Chain Mail Armor
39:58 Padded Archer Armor
HEBERT27
6:00 Loom
20:38 Feudal Age
23:28 Wheelbarrow
23:48 Horse Collar
23:56 Double-Bit Axe
28:18 Castle Age
30:32 Pikeman
32:09 Bow Saw
33:19 Hand Cart
40:05 Imperial Age
40:49 Heavy Plow
theilor.taiariol
15:24 Feudal Age
17:34 Gold Mining
17:35 Stone Mining
18:44 Double-Bit Axe
18:42 Horse Collar
23:12 Castle Age
24:50 Stone Shaft Mining
24:50 Gold Shaft Mining
24:28 Forging
24:19 Scale Mail Armor
24:11 Fletching
24:21 Padded Archer Armor
24:30 Heavy Plow
27:41 Iron Casting
27:21 Chain Mail Armor
27:22 Leather Archer Armor
41:10 Imperial Age
39:59 Chain Mail Armor
39:41 Bodkin Arrow
Connection lost

Rejoining the realm…

Still unreachable

The connection could not be restored.

Session expired

The server has moved on; the page needs a fresh start.